 Dungeon Crawl Stone Soup version 0.30.0 (webtiles) character file.

Game seed: 7781250490554035642

251144 komi the Phalangite (level 19, -9/187 HPs)
             Began as a Hill Orc Wanderer on May 7, 2023.
             Was a Priest of Lugonu.
             Mangled by Marbork the orc warlord
             ... wielding a +1 battleaxe of venom
             ... created by the wrath of Beogh
              (26 damage)
             ... on level 2 of the Vaults.
             The game lasted 02:33:18 (46974 turns).

komi the Phalangite (Hill Orc Wanderer)            Turns: 46974, Time: 02:33:18

Health: -9/187     AC: 33    Str: 20    XL:     19   Next: 65%
Magic:  20/20      EV:  7    Int: 10    God:    Lugonu [***...]
Gold:   2087       SH: 18    Dex: 15    Spells: 18/18 levels left

rFire   + . .        t - +4 trident (venom)
rCold   + . .        X - +0 kite shield {rPois}
rNeg    + . .        b - +2 plate armour {rC+}
rPois   +            D - +1 helmet "Qoviron" {Rampage rN+ rCorr}
rElec   .            l - +1 cloak {Stlth+}
rCorr   +            m - +0 pair of gloves
SInv    .            x - +0 pair of boots
Will    +....        s - amulet of reflection Stlth
                     h - +4 ring of protection
HPRegen 0.51/turn    p - ring of protection from fire
MPRegen 0.17/turn

%: reflection, rampage
@: hasted, very quick
A: no striking features
}: 2/15 runes: serpentine, barnacled
a: Renounce Religion, Depart the Abyss, Banish


You were on level 2 of the Vaults.
You worshipped Lugonu.
Lugonu was most pleased with you.
You visited 6 branches of the dungeon, and saw 32 of its levels.
You visited the Abyss 2 times.
You also visited: Bailey.

You collected 3391 gold pieces.
You spent 1304 gold pieces at shops.

Inventory:

Hand Weapons
 t - a +4 trident of venom (weapon)
 w - a +1 heavy trident
 G - the +4 falchion of the Present {holy, Str+3 Int+3 Stlth-}
   (You found it on level 9 of the Dungeon)

   Str:       It affects your strength (+3).
   Int:       It affects your intelligence (+3).
   Stlth:     It makes you less stealthy.
 I - a +3 heavy battleaxe
 S - a +2 glaive of flaming
Missiles
 c - 6 silver javelins
 q - 4 throwing nets (quivered)
 J - 6 atropa-tipped darts
Armour
 b - a +2 plate armour of cold resistance (worn)
 l - a +1 cloak of stealth (worn)
 m - a +0 pair of gloves (worn)
 x - a +0 pair of boots (worn)
 B - a +0 crystal plate armour
 D - the +1 helmet "Qoviron" (worn) {Rampage rN+ rCorr}
   (You bought it in a shop on level 2 of the Orcish Mines)

   rN:        It protects you from negative energy.
   rCorr:     It protects you from acid and corrosion.
   Rampage:   It bestows one free step when moving towards enemies.
 L - a +2 kite shield of fire resistance
 X - a +0 kite shield of poison resistance (worn)
Jewellery
 h - a +4 ring of protection (left hand)
 k - a +4 ring of protection
 p - a ring of protection from fire (right hand)
 s - an amulet of reflection (around neck)
 O - an amulet of the acrobat
 P - an amulet of regeneration
Wands
 d - a wand of iceblast (45)
 F - a wand of mindburst (12)
 Q - a wand of light (3)
 T - a wand of charming (6)
 U - a wand of polymorph (15)
 Y - a wand of digging (2)
Scrolls
 j - 4 scrolls of teleportation
 n - 7 scrolls of enchant weapon
 r - 2 scrolls of magic mapping
 E - 7 scrolls of enchant armour
 H - 5 scrolls of brand weapon
 R - 4 scrolls of fog
 V - 11 scrolls of identify
 W - a scroll of poison
 Z - a scroll of summoning
Potions
 a - 2 potions of mutation
 e - 6 potions of lignification
 f - 4 potions of might
 g - 6 potions of magic
 i - 14 potions of curing
 o - a potion of berserk rage
 u - 2 potions of invisibility
 z - a potion of flight {unknown}
 A - 6 potions of haste
 C - 3 potions of cancellation
 K - a potion of brilliance
 M - 3 potions of resistance
 N - 5 potions of attraction


   Skills:
 + Level 20.6 Fighting
 - Level 1.0 Short Blades
 + Level 23.3(23.6) Polearms
 - Level 6.1(14.4) Staves
 - Level 1.7 Throwing
 + Level 18.1 Armour
 - Level 14.0 Shields
 - Level 2.4 Invocations


You had 18 spell levels left.
You didn't know any spells.
Your spell library contained the following spells:

 Spells                   Type           Power      Damage    Failure   Level
 Magic Dart               Conj           0%         1d3       99%         1
 Sandblast                Erth           0%         2d4       99%         1
 Slow                     Hex            0%         N/A       99%         1
 Blink                    Tloc           0%         N/A       100%        2
 Call Imp                 Summ           0%         N/A       100%        2
 Ensorcelled Hibernation  Hex/Ice        0%         N/A       100%        2
 Lesser Beckoning         Tloc           0%         N/A       100%        2
 Passwall                 Tmut/Erth      0%         N/A       100%        2
 Confusing Touch          Hex            0%         N/A       100%        3
 Dazzling Flash           Conj/Hex       0%         N/A       100%        3
 Gell's Gravitas          Tloc           0%         N/A       100%        3
 Ignite Poison            Fire/Tmut/Pois 0%         N/A       100%        3
 Inner Flame              Hex/Fire       0%         N/A       100%        3
 Mephitic Cloud           Conj/Pois/Air  0%         N/A       100%        3
 Portal Projectile        Hex/Tloc       0%         N/A       100%        3
 Spider Form              Tmut/Pois      0%         N/A       100%        3
 Stone Arrow              Conj/Erth      0%         3d7       100%        3
 Teleport Other           Tloc           0%         N/A       100%        3
 Tukima's Dance           Hex            0%         N/A       100%        3
 Vampiric Draining        Necr           0%         2d6       100%        3
 Anguish                  Hex/Necr       0%         N/A       100%        4
 Cause Fear               Hex            0%         N/A       100%        4
 Flame Wave               Conj/Fire      0%         2d4       100%        4
 Manifold Assault         Tloc           0%         N/A       100%        4
 Sticky Flame             Conj/Fire      0%         2d3       100%        4
 Agony                    Necr           0%         N/A       100%        5
 Blade Hands              Tmut           0%         N/A       100%        5
 Silence                  Hex/Air        0%         N/A       100%        5
 Enfeeble                 Hex            0%         N/A       100%        7
 Storm Form               Tmut/Air       0%         N/A       100%        7
 Ignition                 Fire           0%         3d3       100%        8


Dungeon Overview and Level Annotations

Branches:
Dungeon (15/15)            Temple (0/1) D:6            Lair (5/5) D:11
 Shoals (4/4) Lair:3        Snake (4/4) Lair:3        Slime (0/5) Lair:4
    Orc (2/2) D:11            Elf (0/3) Orc:2        Vaults (2/5) D:13
  Crypt (0/3) Vaults:2     Depths (0/4) D:15         Bailey (visited)

Altars:
Ashenzari
Cheibriados
Fedhas
Makhleb
Trog
Uskayaw
Wu Jian
Yredelemnul
Zin
The Shining One
Beogh

Shops:
D:3 =   D:8 !   D:15 [   Orc:2 (=[*   Shoals:3 *[*(   Snake:1 [   Snake:3 [[

Annotations:
D:1 1 transporter
D:8 3 runed translucent doors, Inkenn's ghost, novice MiBe
Shoals:3 exclusion: 2 oklob plants
Shoals:4 6 transporters


Message History

The orc knight is almost dead.
You hit the orc knight.
The orc knight looks as sick as possible!
The orc knight is almost dead.
Marbork hits you but does no damage.
The orc knight hits you from afar with a +2 glaive.
You block the orc knight's attack.
You closely miss the orc knight.
The orc knight is almost dead.
You block Marbork's attack.
The orc knight hits you from afar with a +2 glaive!
You block the orc knight's attack.
You barely miss the orc knight.
The orc knight is almost dead.
You closely miss the orc knight.
The orc knight is almost dead.
You kill the orc knight!
That felt strangely unrewarding.
Marbork hits you with a +1 battleaxe of venom!!
You block the orc knight's attack.
You hit Marbork.
Marbork is poisoned.
Marbork is lightly wounded.
Marbork hits you with a +1 battleaxe of venom!!!
The orc knight hits you from afar with a +2 glaive.
Marbork attacks as you move away!
Marbork hits you with a +1 battleaxe of venom!!!
* * * LOW HITPOINT WARNING * * *
The orc knight hits you with a +2 glaive.
* * * LOW HITPOINT WARNING * * *
The orc knight attacks as you move away!
You block the orc knight's attack. x2
Okay, then.
You feel much better. You block Marbork's attack.
The orc knight hits you from afar with a +2 glaive!!
* * * LOW HITPOINT WARNING * * *
Okay, then.
Okay, then.
You feel yourself speed up.
Marbork hits you with a +1 battleaxe of venom!!
You die...

......# #........#
......#
###........###
......#
#..##....##..#
#######
##..#......#..##
###..............#
######
#...............:.
.....#
#.................
.....#
###..............
.....#
##..#..@...#..#
.....#
#..##.o..##..#
.....# ###...o....#
.....# #........#
.....# ###....###
.....###########..##
.....'........##..#
.....#........#####
''####........#


You could see Marbork the orc warlord (strong, very poisoned) and an orc knight
(strong).

Vanquished Creatures
  A bone dragon (Abyss:2)
  2 liches (Abyss:2)
  A titan (Vaults:2)
  An ancient champion (Vaults:2)
  3 tentacled starspawn (Abyss:2)
  4 nagarajas
  Aizul (Snake:3)
  A ghoul (Abyss:2)
  2 orc warlords
  2 vault wardens (Vaults:2)
  2 ironbound thunderhulks
  8 ironbound preservers
  2 fire dragons (D:15)
  An ettin (Vaults:1)
  A merfolk impaler (Shoals:2)
  4 yaktaur captains
  2 great orbs of eyes
  Fannar (D:12)
  2 rakshasas (Abyss:2)
  2 vault guards (Vaults:2)
  A salamander tyrant (Snake:4)
  A peacekeeper (Vaults:2)
  5 ironbound frosthearts
  4 hydras
  3 boulder beetles
  An ogre mage (D:13)
  A catoblepas (Lair:5)
  8 centaur warriors
  7 naga warriors
  4 anacondas
  3 two-headed ogres
  3 merfolk aquamancers
  3 satyrs
  A tengu warrior (D:13)
  5 thrashing horrors (Abyss:2)
  A vampire mage (Vaults:2)
  2 shock serpents
  5 naga sharpshooters
  A sun demon (Abyss:2)
  2 salamander mystics
  3 wretched stars (Abyss:2)
  A fire crab (Lair:2)
  7 large abominations
  3 skysharks
  A sixfirhy (Abyss:2)
  16 sea snakes
  A skeletal warrior (Vaults:1)
  17 deep trolls
  A spatial maelstrom (Abyss:2)
  A glowing orange brain (Vaults:2)
  3 wizards
  7 ironbound convokers
  Pikel (D:9)
  A flayed ghost (Abyss:2)
  2 naga ritualists (Snake:1)
  7 mana vipers
  12 harpies
  A necromancer (Abyss:3)
  A lindwurm (Vaults:1)
  2 deep elf pyromancers (D:15)
  6 orc knights
  11 ugly things
  2 orc sorcerers
  5 salamanders
  5 manticores
  7 fauns
  A shadow dragon skeleton (Abyss:2)
  A cyclops (shapeshifter) (D:15)
  A cyclops (D:15)
  5 elephants (Lair:5)
  3 guardian serpents
  6 vault sentinels
  4 merfolk sirens
  20 black mambas
  A black mamba (shapeshifter) (D:14)
  A demonic crawler (Abyss:3)
  5 water nymphs
  2 gargoyles
  A smoke demon (Abyss:2)
  9 naga magi
  6 cane toads
  A dire elephant skeleton (Abyss:3)
  15 yaktaurs
  5 komodo dragons
  2 freezing wraiths
  2 kobold demonologists
  4 rime drakes
  2 ancient zymes
  A meliai (shapeshifter) (Abyss:2)
  10 merfolk
  A hornet (D:8)
  A troll (D:14)
  8 blink frogs
  A polar bear (Lair:2)
  4 dream sheep
  A harpy skeleton (Abyss:3)
  5 wind drakes
  3 snapping turtles
  8 slime creatures
  34 yaks
  3 wraiths
  2 wyverns
  4 water elementals
  6 fire elementals
  2 neqoxecs (Abyss:2)
  2 basilisks
  4 hogs (Lair:3)
  A steam dragon (Lair:2)
  A golden eye (shapeshifter) (D:11)
  9 vampire mosquitoes
  2 chaos spawn (Abyss:2)
  A death yak simulacrum (D:12)
  3 acid dragons
  2 wargs (Orc:2)
  2 hell hounds
  17 nagas
  Duvessa (D:6)
  8 water moccasins
  10 orc warriors
  2 ice beasts
  5 black bears
  6 ogres
  11 centaurs
  A sky beast (D:6)
  3 lemures (D:9)
  11 wolves
  13 small abominations
  2 phantoms
  A kobold brigand (D:4)
  5 scorpions
  9 bullfrogs
  15 wights
  Dowan (D:6)
  An elephant simulacrum (D:12)
  3 killer bees (D:10)
  2 howler monkeys
  3 electric eels (Snake:2)
  A crimson imp (D:5)
  5 jellies
  3 hounds
  3 orc priests
  2 iron imps (Abyss:2)
  2 sleepcaps
  3 starcursed masses (Abyss:2)
  4 hell rats (Lair:1)
  Terence (D:3)
  2 gnoll boudas
  5 orc wizards
  4 iguanas
  A troll simulacrum (D:12)
  A wolf simulacrum (D:12)
  2 boggart skeletons (D:13)
  7 gnolls
  9 adders
  A naga simulacrum (D:12)
  A shadow imp (D:6)
  2 white imps
  An ufetubus (Abyss:2)
  A worm (D:3)
  2 dart slugs
  36 orcs
  9 ball pythons
  6 endoplasms
  2 giant cockroaches
  8 goblins
  6 hobgoblins
  7 jackals
  A quokka (D:1)
  5 bats
  2 frilled lizards
  4 kobolds
  7 rats
  3 starspawn tentacles (Abyss:2)
  2 tentacles (Shoals:2)
737 creatures vanquished.

Vanquished Creatures (collateral kills)
  Bai Suzhen (Snake:4)
  Vashnia (Snake:2)
  Nikola (Snake:1)
  A bone dragon (Abyss:2)
  Rupert (Snake:1)
  A lich (Abyss:2)
  Frances (Snake:1)
  A kraken (Shoals:2)
  A tentacled starspawn (Abyss:2)
  Kirke (Lair:3)
  6 nagarajas (Snake:4)
  Roxanne (D:14)
  Nessos (Lair:4)
  An ironbound thunderhulk (Vaults:1)
  Azrael (Snake:2)
  2 crystal guardians (Vaults:2)
  A blizzard demon (Abyss:2)
  9 merfolk javelineers
  Snorg (Orc:2)
  3 merfolk impalers
  A yaktaur captain (Vaults:1)
  A great orb of eyes (Vaults:1)
  Harold (Lair:1)
  An ironbound frostheart (Vaults:1)
  A peacekeeper (Vaults:2)
  A salamander tyrant (Snake:4)
  A rakshasa (Abyss:2)
  5 centaur warriors
  5 hydras
  A catoblepas (Lair:4)
  2 two-headed ogres
  A merfolk aquamancer (Shoals:4)
  A merfolk avatar (Shoals:4)
  3 anacondas
  A deep troll shaman (Lair:5)
  2 alligator snapping turtles
  3 boulder beetles
  5 naga warriors
  4 death yaks
  2 tengu warriors (D:15)
  4 shock serpents
  An orc high priest (Orc:2)
  5 naga sharpshooters
  Nergalle (Lair:3)
  A wretched star (Abyss:2)
  4 skysharks
  6 skeletal warriors
  14 sea snakes
  4 naga ritualists
  2 wizards (Vaults:1)
  2 ironbound convokers (Vaults:1)
  A lindwurm (Vaults:1)
  3 harpies
  2 orc sorcerers (Orc:2)
  6 mana vipers
  2 orc knights (Orc:2)
  A deep elf pyromancer (D:14)
  3 manticores
  7 ugly things
  An oklob plant (Shoals:3)
  9 salamanders
  7 fauns
  12 black mambas
  8 elephants
  6 water nymphs
  3 cyclopes
  9 naga magi
  7 merfolk sirens
  5 guardian serpents
  A vault sentinel (Vaults:1)
  5 cane toads
  2 centaur skeletons (D:13)
  A rime drake (Lair:2)
  A tormentor (Abyss:2)
  An efreet (D:13)
  A bunyip simulacrum (Abyss:2)
  6 komodo dragons
  3 yaktaurs (Vaults:1)
  An ancient zyme (Abyss:2)
  2 tengu conjurers
  22 merfolk
  A troll (Orc:2)
  A hornet (D:9)
  A raiju (Abyss:2)
  A wolf spider simulacrum (D:14)
  10 blink frogs
  A wind drake (Shoals:4)
  3 large abominations (Abyss:2)
  3 dream sheep (Shoals:2)
  8 snapping turtles
  5 small abominations (Abyss:2)
  A wyvern (Lair:2)
  13 yaks
  3 slime creatures
  3 water elementals
  5 starcursed masses (Abyss:2)
  2 hogs (Lair:3)
  2 vampire mosquitoes (D:14)
  A warg (Orc:2)
  2 spatial vortices (Abyss:2)
  13 nagas
  3 water moccasins
  2 hell hounds (Abyss:2)
  7 orc warriors
  2 black bears
  2 ogres (Orc:2)
  3 centaurs
  7 wolves
  A lemure (D:9)
  A two-headed ogre simulacrum (D:12)
  8 bullfrogs
  3 kobold brigands (D:13)
  2 wights (Abyss:2)
  2 killer bees (D:10)
  A howler monkey (D:11)
  9 electric eels
  A quasit (Abyss:2)
  3 orc priests
  2 jellies (Lair:4)
  6 orc wizards
  2 troll simulacra (D:12)
  3 hell rats (Lair:1)
  An ufetubus (Abyss:2)
  8 orcs
  A kobold (D:13)
  2 lurking horrors (Abyss:2)
  2 starspawn tentacles (Abyss:2)
  A tentacle (Shoals:2)
424 creatures vanquished.

Vanquished Creatures (others)
  4 orc warlords
  A salamander tyrant (Snake:3)
  5 orc sorcerers
  8 orc knights
  14 orc warriors
  4 orc priests
  A naga (Snake:4)
  A boggart (Vaults:2)
  8 orc wizards
  21 orcs
  2 bushes (Lair:5)
  97 fungi
  155 plants
  17 starspawn tentacles (Abyss:2)
  5 tentacles (Shoals:2)
343 creatures vanquished.

Grand Total: 1504 creatures vanquished

Notes
Turn   | Place    | Note
-------+----------+-------------------------------------------
     0 | D:1      | komi the Hill Orc Wanderer began the quest for the Orb.
     0 | D:1      | komi set off with the following items: a +2 quarterstaff, a
                  | +0 short sword, 10 boomerangs, a +0 dagger, a potion of
                  | lignification, a +0 leather armour.
     0 | D:1      | Reached XP level 1. HP: 14/14 MP: 2/2
    69 | D:1      | Reached skill level 1 in Fighting
    70 | D:1      | Reached XP level 2. HP: 18/23 MP: 3/3
   798 | D:2      | Reached XP level 3. HP: 29/29 MP: 4/4
   978 | D:2      | Found a faded altar of an unknown god.
  1609 | D:3      | Reached XP level 4. HP: 36/36 MP: 5/5
  1644 | D:3      | Found a blossoming altar of Fedhas.
  1711 | D:3      | Found a bloodstained altar of Trog.
  1836 | D:3      | Became a worshipper of Beogh the Brigand
  1914 | D:3      | Reached XP level 5. HP: 36/44 MP: 6/6
  1967 | D:3      | Noticed Terence
  1976 | D:3      | Killed Terence
  1999 | D:3      | Found Taukhloi's Jewellery Boutique.
  2228 | D:4      | Noticed a phantom
  2257 | D:3      | Killed a phantom
  2258 | D:3      | Reached XP level 6. HP: 33/52 MP: 7/7
  2336 | D:4      | Reached skill level 5 in Staves
  2541 | D:4      | Found a glowing golden altar of the Shining One.
  3027 | D:5      | Entered Level 5 of the Dungeon
  3037 | D:5      | Reached XP level 7. HP: 54/60 MP: 8/8
  3148 | D:5      | Reached skill level 5 in Fighting
  3164 | D:5      | Reached skill level 5 in Armour
  3510 | D:5      | Found a burning altar of Makhleb.
  3619 | D:5      | Reached XP level 8. HP: 59/70 MP: 9/9
  4176 | D:6      | Found a hide-covered altar of Uskayaw.
  4179 | D:6      | Found a broken altar of Ashenzari.
  4179 | D:6      | Found a glowing silver altar of Zin.
  4250 | D:6      | Reached * piety under Beogh
  4251 | D:6      | Reached skill level 1 in Polearms
  4273 | D:6      | Reached skill level 2 in Polearms
  4497 | D:6      | Reached skill level 3 in Polearms
  4553 | D:6      | Noticed Duvessa
  4553 | D:6      | Noticed Dowan
  4561 | D:6      | Killed Duvessa
  4568 | D:6      | Killed Dowan
  4576 | D:6      | Reached skill level 4 in Polearms
  4587 | D:6      | Reached XP level 9. HP: 32/79 MP: 10/10
  5078 | D:6      | Reached skill level 5 in Polearms
  5088 | D:6      | Found a staircase to the Ecumenical Temple.
  5654 | D:7      | Reached skill level 6 in Polearms
  5859 | D:7      | You fall into a shaft and drop 2 floors!
  5916 | D:9      | Reached skill level 7 in Polearms
  5931 | D:9      | Reached XP level 10. HP: 71/90 MP: 11/11
  6080 | D:9      | Noticed a kobold demonologist
  6092 | D:8      | Found Tyovei's Distillery.
  6101 | D:8      | Bought a potion of curing for 45 gold pieces
  6101 | D:8      | Bought a potion of degeneration for 15 gold pieces
  6101 | D:8      | Bought a potion of curing for 45 gold pieces
  6101 | D:8      | Bought a potion of heal wounds for 75 gold pieces
  6308 | D:8      | Reached ** piety under Beogh
  6334 | D:8      | Reached skill level 8 in Polearms
  6358 | D:8      | Found a flagged portal.
  6364 | Bailey   | Entered a bailey
  6637 | Bailey   | Reached skill level 13 in Polearms
  6637 | Bailey   | Reached XP level 11. HP: 97/97 MP: 12/12
  6640 | Bailey   | Noticed an orc knight
  6972 | Bailey   | Killed an orc knight
  6972 | Bailey   | Reached *** piety under Beogh
  7249 | D:8      | Reached skill level 14 in Polearms
  7296 | D:8      | Found a runed translucent gate.
  7296 | D:8      | Found a runed translucent gate.
  7298 | D:8      | Found a runed translucent gate.
  7300 | D:8      | Noticed Inkenn's ghost (novice MiBe)
  7300 | D:8      | Noticed a ten-headed hydra
  7756 | D:9      | Identified the +4 falchion of the Present {holy, Str+3
                  | Int+3 Stlth-}
  8263 | D:9      | Noticed Pikel
  8278 | D:9      | Killed Pikel
  8518 | D:10     | Entered Level 10 of the Dungeon
  8623 | D:10     | Found a snail-covered altar of Cheibriados.
  8751 | D:10     | Noticed a two-headed ogre
  8756 | D:10     | Killed a two-headed ogre
  9038 | D:10     | Reached skill level 10 in Fighting
  9711 | D:11     | Reached skill level 15 in Polearms
  9973 | D:11     | Noticed an entropy weaver
  9990 | D:11     | an entropy weaver changed into a golden eye
 10144 | D:11     | Noticed a two-headed ogre
 10154 | D:11     | Killed a two-headed ogre
 10155 | D:11     | Reached XP level 12. HP: 85/107 MP: 13/13
 10413 | D:11     | Found a staircase to the Lair.
 10793 | D:11     | Found a staircase to the Orcish Mines.
 10806 | D:11     | Reached **** piety under Beogh
 10869 | D:11     | Reached skill level 10 in Armour
 11420 | Lair:1   | Entered Level 1 of the Lair of Beasts
 11848 | Lair:1   | Noticed Harold
 11858 | Lair:1   | Killed Harold
 12269 | Lair:1   | Found a bloodstained altar of Trog.
 12649 | Lair:1   | Gained Korbok as an ally
 13462 | Lair:2   | Noticed a five-headed hydra
 13462 | Lair:2   | Noticed a skyshark
 13466 | Lair:2   | Noticed a five-headed hydra
 13477 | Lair:2   | Killed a five-headed hydra
 13478 | Lair:2   | Noticed a death yak
 13482 | Lair:2   | Killed a skyshark
 13485 | Lair:2   | Killed a five-headed hydra
 13485 | Lair:2   | Reached ***** piety under Beogh
 13493 | Lair:2   | Reached XP level 13. HP: 120/122 MP: 14/14
 13691 | Lair:2   | Identified the +8 triple sword "Goeceh" {flame, rElec rC-
                  | rN+ Str+3}
 14904 | Lair:3   | Noticed Kirke
 14952 | Lair:3   | Killed Kirke
 15239 | Lair:3   | Found a staircase to the Snake Pit.
 15320 | Lair:3   | Noticed Nergalle
 15328 | Lair:3   | Killed Nergalle
 15484 | Lair:3   | Found a staircase to the Shoals.
 15730 | Lair:3   | Reached skill level 16 in Polearms
 16472 | Lair:4   | Found a staircase to the Slime Pits.
 16491 | Lair:4   | Noticed Nessos
 16505 | Lair:4   | Killed Nessos
 17494 | Lair:5   | Entered Level 5 of the Lair of Beasts
 17968 | Lair:5   | Reached skill level 17 in Polearms
 17968 | Lair:5   | Reached XP level 14. HP: 78/132 MP: 15/15
 18748 | Lair:5   | Reached ****** piety under Beogh
 19771 | D:12     | Reached skill level 18 in Polearms
 20226 | D:12     | Noticed Fannar
 20237 | D:12     | Killed Fannar
 21272 | D:13     | Reached skill level 15 in Armour
 21980 | D:13     | Found a gate to the Vaults.
 22151 | D:14     | Reached skill level 19 in Polearms
 22310 | D:14     | Reached XP level 15. HP: 48/138 MP: 16/16
 22423 | D:14     | Noticed Roxanne
 22847 | D:14     | Killed Roxanne
 23097 | Orc:1    | Entered Level 1 of the Orcish Mines
 23191 | Orc:1    | Found a roughly hewn altar of Beogh.
 23384 | Orc:2    | Entered Level 2 of the Orcish Mines
 23384 | Orc:2    | Found Rorr's General Store.
 23400 | Orc:2    | Noticed Snorg
 23407 | Orc:2    | Killed Snorg
 23475 | Orc:2    | Found Dydwexto's Jewellery Emporium.
 23491 | Orc:2    | Found a roughly hewn altar of Beogh.
 23534 | Orc:2    | Gained Wulfoc as an ally
 23645 | Orc:2    | Noticed an orc warlord
 23645 | Orc:2    | Found Seohumuh's Antique Armour Boutique.
 23670 | Orc:2    | Bought a translucent helmet for 275 gold pieces
 23670 | Orc:2    | Identified the +1 helmet "Qoviron" {Rampage rN+ rCorr} (You
                  | bought it in a shop on level 2 of the Orcish Mines)
 23681 | Orc:2    | Found a staircase to the Elven Halls.
 23735 | Orc:2    | Found Mumuvo's Antique Weapon Shop.
 24830 | Snake:1  | Entered Level 1 of the Snake Pit
 25093 | Snake:1  | Reached skill level 20 in Polearms
 25350 | Snake:1  | Gained Gorbash as an ally
 25372 | Snake:1  | Your ally Gorbash died
 25674 | Snake:1  | Reached skill level 1 in Shields
 25904 | Snake:1  | Noticed Frances
 25913 | Snake:1  | Killed Frances
 26100 | Snake:1  | Noticed Rupert
 26100 | Snake:1  | Paralysed by Rupert for 2 turns
 26113 | Snake:1  | Killed Rupert
 26303 | Snake:1  | Found Nisku's Armour Shoppe.
 26630 | Snake:1  | Noticed Nikola
 26652 | Snake:1  | Your ally Gorbash died
 26662 | Snake:1  | Killed Nikola
 26849 | Shoals:1 | Entered Level 1 of the Shoals
 26855 | Shoals:1 | Reached skill level 21 in Polearms
 26858 | Shoals:1 | Gained Wargath as an ally
 26929 | Shoals:1 | Gained Koronagh as an ally
 26955 | Shoals:1 | Your ally Wulfoc died
 27304 | Shoals:1 | Your ally Wargath died
 27324 | Shoals:1 | Reached XP level 16. HP: 130/146 MP: 17/17
 27780 | Shoals:2 | Reached skill level 5 in Shields
 27860 | Shoals:2 | Noticed a kraken
 27869 | Shoals:2 | Killed a kraken
 27877 | Shoals:2 | Your ally Koronagh died
 28422 | Shoals:3 | Gained Beowulf as an ally
 28425 | Abyss:2  | Cast into level 2 of the Abyss (faun)
 28508 | Abyss:2  | Noticed a tentacled starspawn
 28518 | Abyss:2  | Killed a tentacled starspawn
 28626 | Abyss:2  | Reached skill level 22 in Polearms
 28700 | Abyss:2  | Noticed a tentacled starspawn
 28743 | Abyss:2  | Killed a tentacled starspawn
 28809 | Abyss:2  | Noticed a tentacled starspawn
 28884 | Abyss:2  | Noticed a lich
 28907 | Abyss:2  | Killed a lich
 29115 | Abyss:2  | Found a corrupted altar of Lugonu.
 29318 | Abyss:2  | Noticed a bone dragon
 29339 | Abyss:2  | Killed a bone dragon
 29549 | Shoals:3 | Escaped the Abyss
 30493 | Shoals:3 | Reached skill level 15 in Fighting
 30641 | Shoals:3 | Found Pibomitz's Visitors' Centre.
 30655 | Shoals:3 | Found Pibomitz's Merfolk Magic.
 30656 | Shoals:3 | Found Pibomitz's Merfolk Armours.
 30662 | Shoals:3 | Gained Morguth as an ally
 30689 | Shoals:3 | Bought a +1 cloak for 172 gold pieces
 30771 | Shoals:4 | Entered Level 4 of the Shoals
 30934 | Shoals:4 | Your ally Beowulf died
 31167 | Shoals:4 | Got a barnacled rune of Zot
 31499 | Shoals:4 | Found a transporter.
 31504 | Shoals:4 | Found a transporter.
 31526 | Shoals:4 | Reached XP level 17. HP: 111/157 MP: 18/18
 31667 | Shoals:4 | Identified the +11 war axe "Demon's Peril" {antimagic,
                  | Str-5 Dex+2 SInv}
 31795 | Shoals:4 | Reached skill level 10 in Shields
 31811 | Shoals:4 | Found a transporter.
 31827 | Shoals:4 | Found a transporter.
 32328 | Shoals:4 | Found a transporter.
 32331 | Shoals:4 | Found a transporter.
 33005 | Snake:2  | Noticed Azrael
 33251 | Snake:2  | Killed Azrael
 33736 | Snake:2  | Noticed Vashnia
 34041 | Snake:2  | Killed Vashnia
 34564 | Snake:3  | Found a basalt altar of Yredelemnul.
 34697 | Snake:3  | Found Liusy's Antique Armour Shoppe.
 34701 | Snake:3  | Found Pescharph's Armour Shoppe.
 34705 | Snake:3  | Bought an embroidered cloak for 127 gold pieces
 34705 | Snake:3  | Bought a bloodstained scale mail for 153 gold pieces
 34705 | Snake:3  | Identified the +5 scale mail "Xaych" {Harm rN+ Will++
                  | Str-5} (You bought it in a shop on level 3 of the Snake
                  | Pit)
 34709 | Snake:3  | Bought a +0 pair of gloves for 67 gold pieces
 34730 | Snake:3  | Noticed Aizul
 34739 | Snake:3  | Killed Aizul
 35105 | Snake:4  | Entered Level 4 of the Snake Pit
 35265 | Snake:4  | Your ally Morguth died
 35389 | Snake:4  | Noticed Bai Suzhen
 35403 | Snake:4  | Killed Bai Suzhen
 35732 | Snake:4  | Found an ornate altar of the Wu Jian Council.
 37436 | Snake:4  | Reached XP level 18. HP: 158/172 MP: 19/19
 37538 | Snake:4  | Your ally Korbok died
 37716 | Snake:4  | Got a serpentine rune of Zot
 38085 | D:15     | Entered Level 15 of the Dungeon
 38295 | D:15     | Your ally Korbok died
 38381 | D:15     | Found Irgheaz's Armour Shop.
 38568 | D:15     | Found a broken altar of Ashenzari.
 38803 | D:15     | Gained Orik as an ally
 38846 | D:15     | Your ally Orik died
 38872 | D:15     | Gained Ortolf as an ally
 38955 | D:15     | Found a staircase to the Depths.
 39300 | Vaults:1 | Entered Level 1 of the Vaults
 40095 | Vaults:1 | Identified the scarf of Mitebaog {repulsion, Harm Str+5}
 40802 | Abyss:2  | Cast into level 2 of the Abyss (a wizard)
 41156 | Abyss:2  | Found a corrupted altar of Lugonu.
 41158 | Abyss:2  | Found a corrupted altar of Lugonu.
 41158 | Abyss:2  | Found a corrupted altar of Lugonu.
 41170 | Abyss:2  | Found a corrupted altar of Lugonu.
 41180 | Abyss:2  | Found a corrupted altar of Lugonu.
 41366 | Abyss:2  | Killed a lich
 41370 | Abyss:2  | Found a corrupted altar of Lugonu.
 41405 | Abyss:2  | Noticed a lich
 41420 | Abyss:2  | Noticed a bone dragon
 41421 | Abyss:2  | Killed a lich
 41466 | Abyss:2  | Noticed a bone dragon
 41475 | Abyss:2  | Killed a bone dragon
 41552 | Abyss:2  | Paralysed by accursed screaming for 1 turns
 42106 | Abyss:3  | Found a corrupted altar of Lugonu.
 42112 | Abyss:3  | Fell from the grace of Beogh
 42112 | Abyss:3  | Became a worshipper of Lugonu the Unformed
 42112 | Abyss:3  | Reached * piety under Lugonu
 42112 | Abyss:3  | Reached ** piety under Lugonu
 42139 | Vaults:1 | Escaped the Abyss
 42452 | Vaults:1 | Reached XP level 19. HP: 109/184 MP: 20/20
 43578 | Vaults:2 | Reached skill level 23 in Polearms
 43814 | Vaults:2 | Found a staircase to the Crypt.
 45295 | D:3      | Bought an amulet of reflection for 330 gold pieces
 46253 | Vaults:2 | Reached *** piety under Lugonu
 46974 | Vaults:2 | Mangled by Marbork the orc warlord

Illustrated notes

Levels and vault maps discovered:
D:1:      spicycebolla_arrival_risky_transporter, layout_basic,
          minmay_misc_feat_rows, minmay_misc_feat_iff
D:2:      layout_basic, hellmonk_ecumenical_altar_pennies_from_heaven
D:3:      layout_rooms, marbit_many_paths, mainiacjoe_overflow_tiny_flanked,
          serial_shops, nicolae_shop_gaudy_bauble, dreamdust_princess_corridor,
          kennysheep_cluttered_room, uniq_terence
D:4:      layout_rooms, tso_oasis_becter, st_stairs_11
D:5:      layout_basic, makhleb_grotto_becter
D:6:      cheibrodos_quashed, layout_basic, grunt_temple_overflow_open,
          minmay_temple_entry_mist, corexii_item_surrounded_by_moat,
          nicolae_underground_beach, uniq_duvessa
D:7:      layout_loops_cross, mainiacjoe_overflow_alcove_1, lemuel_tele_altar,
          uniq_menkaure
D:8:      layout_basic, enter_bailey_4, gammafunk_ghost_hydra_chop,
          serial_shops, shop
D:9:      layout_irregular_city, uniq_pikel
D:10:     layout_basic, kennysheep_slug_shrine
D:11:     layout_layer_cave, due_lair_maze_entry_diamond, hiddenorc2_lemuel
D:12:     layout_roguey, portal_ice_cave_entry_ice_simulacra, uniq_fannar
D:13:     layout_big_octagon, hangedman_vaults_entry_quadrant_bands,
          minivault_22
D:14:     layout_cave_pools, hangedman_abyss_or_decor_stagger, uniq_roxanne
D:15:     grunt_enter_depths_hoard, layout_stronghold, serial_shops,
          nicolae_shop_real_fake_doors, nicolae_ashenzari_panopticon
Lair:1:   layout_hall_layers, basic_altar, cheibrodos_lair_reptile_den,
          uniq_harold
Lair:2:   nzn_winding_woodlands_large [nzn_winding_woodlands_hourglass,
          nzn_winding_woodlands_5x15_cabin,
          nzn_winding_woodlands_5x5_closed_star,
          nzn_winding_woodlands_center_pierced_h,
          nzn_winding_woodlands_15x15_killbox,
          nzn_winding_woodlands_center_diamonds,
          nzn_winding_woodlands_5x5_checkerboard,
          nzn_winding_woodlands_5x15_lazy_stream,
          nzn_winding_woodlands_5x5_perimeter], layout_misc_corridors
Lair:3:   layout_cave_pods, shoals_dummy_entry, guppyfry_snake_entry_garden,
          uniq_kirke, uniq_nergalle
Lair:4:   layout_regular_city, minmay_slime_entry_pillars, minivault_19,
          uniq_nessos
Lair:5:   grunt_lair_end_beastmaster, layout_gridlike
Shoals:1: layout_shoals, nicolae_shoals_nymph_descending_staircase
Shoals:2: layout_shoals, nicolae_shoals_kraken_intersection
Shoals:3: nicolae_shoals_mermall, layout_shoals, nicolae_shoals_this_corrosion
Shoals:4: shoals_end_simple, layout_shoals, serial_nicolae_subway,
          nicolae_sub_station_crystal, nicolae_sub_station_stone,
          nicolae_sub_station_metal
Snake:1:  layout_basic, serial_shops, nicolae_shop_tiny_glass,
          serial_bayou_lagoon_b, uniq_rupert, uniq_nikola, uniq_frances
Snake:2:  layout_basic, uniq_vashnia, uniq_azrael
Snake:3:  layout_misc_corridors, basic_altar, minmay_shop_star, uniq_aizul
Snake:4:  grunt_snake_rune_pools, layout_cave_town, basic_altar, uniq_bai_suzhen
Orc:1:    layout_caves, basic_altar
Orc:2:    grunt_orc_gardens, layout_caves, grunt_orc_garden, grunt_orc_garden,
          grunt_orc_garden, grunt_orc_garden, basic_altar, uniq_snorg
Vaults:1: v_rooms_6, grunt_vaults_trifunnel, v_alt_pattern_1,
          hangedman_vaults_nails, ontoclasm_vaults_twist, v_misc_33,
          vaults_dpeg_encased_lava, layout_vaults_omnigrid
Vaults:2: minmay_crypt_entry_simple_box, v_rooms_1, dpeg_vaults_monster_row,
          nicolae_vaults_quadrants, nicolae_vaults_shrinking_rooms_2, v_misc_28,
          nicolae_vaults_little_squares_3, nicolae_vaults_circle_grid_b,
          nicolae_vaults_more_shelving_2, ontoclasm_vaults_spin,
          ontoclasm_vaults_shuriken, layout_vaults_maze_snakey

Skill      XL: |  1  2  3  4  5  6  7  8  9 10 11 12 13 14 15 16 17 18 19 |
---------------+----------------------------------------------------------+-----
Fighting       | 1 2 4 5 7 8 9 10 13 14 15 18 19 20 | 20.6
Armour         | 2 3 4 5 6 8 9 12 14 15 16 17 18 | 18.1
Staves         | 4 5 6 |  6.1
Polearms       | 4 7 13 15 17 19 21 22 23 | 23.3
Shields        | 4 9 13 14 | 14.0
Short Blades   | |  1.0
Throwing       | |  1.7
Invocations    | |  2.4

Action                     |  1- 3 |  4- 6 |  7- 9 | 10-12 | 13-15 | 16-18 | 19-21 || total
---------------------------+-------+-------+-------+-------+-------+-------+-------++-------
  Melee: Quarterstaff      |    88 |   116 |    84 |       |       |       |       ||   288
         Glaive            |       |       |   171 |   287 |   368 |       |       ||   826
         Trident           |       |       |       |   284 |   662 |  1405 |   653 ||  3004
         Punch             |       |       |       |     6 |     3 |       |       ||     9
         Halberd           |       |       |       |       |    56 |       |       ||    56
  Throw: Boomerang         |       |       |       |     3 |       |       |       ||     3
         Throwing net      |       |       |       |     1 |     2 |     1 |       ||     4
 Invoke: Convert to Beogh  |       |     1 |       |       |       |       |       ||     1
         Recall Orcish Fol |       |       |       |       |    13 |    49 |       ||    62
         Give Item to Name |       |       |       |       |     1 |     2 |       ||     3
         Resurrection      |       |       |       |       |     1 |     2 |       ||     3
         Depart the Abyss  |       |       |       |       |       |     1 |       ||     1
         Banish            |       |       |       |       |       |       |     1 ||     1
    Use: Scroll            |     2 |     8 |     4 |     7 |     6 |    18 |     3 ||    48
         Potion            |       |       |     4 |     1 |     7 |    10 |     5 ||    27
   Stab: Sleeping          |     1 |       |       |       |       |       |       ||     1
         Invisible         |       |       |     7 |       |     1 |       |       ||     8
         Distracted        |       |       |       |     4 |    12 |     7 |       ||    23
         Held in net/web   |       |       |       |     2 |       |       |       ||     2
         Confused          |       |       |       |     1 |       |       |       ||     1
         Paralysed         |       |       |       |       |     2 |     1 |       ||     3
         Fleeing           |       |       |       |       |       |       |     1 ||     1
 Armour: Leather armour    |     7 |       |       |       |       |       |       ||     7
         Ring mail         |    21 |    74 |    99 |    20 |       |       |       ||   214
         Skin              |       |       |    13 |       |       |       |       ||    13
         Plate armour      |       |       |       |   338 |   556 |   998 |   271 ||  2163
  Dodge: Dodged            |    47 |    66 |   110 |   164 |   212 |   297 |   107 ||  1003
  Block: Kite shield       |       |       |       |       |    50 |   889 |   328 ||  1267
         Reflection        |       |       |       |       |       |       |    19 ||    19
